 Dungeon Crawl Stone Soup version 0.29.1-1-gd02db6906a (webtiles) character file.

Game seed: 14939579249075272718

2 MisterFreud the Twirler (level 1, -1/16 HPs)
             Began as a Formicid Gladiator on Oct 12, 2022.
             Slain by a goblin
             ... wielding a +0 dagger
              (2 damage)
             ... on level 1 of the Dungeon.
             The game lasted 00:00:15 (72 turns).

MisterFreud the Twirler (Formicid Gladiator)          Turns: 72, Time: 00:00:15

Health: -1/16      AC:  3    Str: 18    XL:     1   Next: 44%
Magic:  1/1        EV: 12    Int:  7    God:
Gold:   19         SH:  0    Dex: 15    Spells: 0/0 levels left

rFire   . . .      SeeInvis +   a - +0 quarterstaff
rCold   . . .      Faith    .   (no shield)
rNeg    . . .      Spirit   .   b - +0 leather armour
rPois   .          Reflect  .   (helmet unavailable)
rElec   .          Harm     .   (no cloak)
rCorr   .          Rampage  .   (no gloves)
Will    .....                   (no boots)
Stlth   +.........              (no amulet)
HPRegen 0.05/turn               (no ring)
MPRegen 0.07/turn               (no ring)

@: no status effects
A: permanent stasis, dig shafts and tunnels, antennae 3, four strong arms
a: Dig, Shaft Self


You were on level 1 of the Dungeon.
You visited 1 branch of the dungeon, and saw 1 of its levels.

You collected 19 gold pieces.

Inventory:

Hand Weapons
 a - a +0 quarterstaff (weapon)
Missiles
 c - 3 throwing nets (quivered)
 d - a javelin
Armour
 b - a +0 leather armour (worn)
Scrolls
 e - a scroll of magic mapping {unknown}


   Skills:
 + Level 2.2 Fighting
 + Level 3.0 Staves
 + Level 2.0 Throwing
 + Level 2.7 Dodging


You couldn't memorise any spells.
You didn't know any spells.
Your spell library was empty.

Dungeon Overview and Level Annotations

Branches:
Dungeon (1/15)

Altars:


Innate Abilities, Weirdness & Mutations

You cannot be hasted, slowed, berserked, paralysed or teleported.
You can dig through walls and to a lower floor.
You have a pair of large antennae on your head. (SInv)
Your four strong arms can wield two-handed weapons with a shield.


Message History

A goblin comes into view. It is wielding a +0 dagger.
A goblin is nearby!
A goblin is nearby!
The goblin shouts!
You hear a bark!
A jackal comes into view.
A jackal comes into view.
The jackal barks!
You hear a bark!
You closely miss the goblin.
A jackal comes into view.
The goblin closely misses you.
You barely miss the goblin. The goblin hits you with a +0 dagger.
There are monsters nearby!
You miss the goblin. The goblin hits you with a +0 dagger.
The jackal bites you but does no damage.
The jackal attacks as you move away! The jackal bites you.
The jackal attacks as you move away!
The jackal bites you but does no damage.
The jackal barely misses you. The goblin attacks as you move away!
The goblin barely misses you. The jackal attacks as you move away!
The jackal closely misses you.
You hit the jackal but do no damage. The jackal barely misses you.
You sock the jackal!
You kill the jackal!
The jackal barely misses you. The jackal bites you. x2
You are too injured to fight recklessly!
You sock the jackal!
You kill the jackal!
The jackal bites you.
You closely miss the jackal. The jackal closely misses you.
The jackal misses you.
You barely miss the jackal. The goblin hits you with a +0 dagger.
* * * LOW HITPOINT WARNING * * *
The jackal bites you.
* * * LOW HITPOINT WARNING * * *
The goblin completely misses you.
Unknown command.
You hit the jackal.
You kill the jackal!
The goblin hits you with a +0 dagger.
You die...

###........####
...............
#####............
#............#
#............#
#........#####
#.......##
#$.....†########
#######g@...(..##.
##.........#
###.....##
#8.....8#
##.....##
##.....##
#8.....8#
##.....##
##.....##


You could see a goblin.

Vanquished Creatures
  3 jackals (D:1)
3 creatures vanquished.

Notes
Turn   | Place    | Note
-------+----------+-------------------------------------------
     0 | D:1      | MisterFreud the Formicid Gladiator began the quest for the
                  | Orb.
     0 | D:1      | Reached XP level 1. HP: 16/16 MP: 1/1
    72 | D:1      | Slain by a goblin

Illustrated notes

Levels and vault maps discovered:
D:1:      psy_arrival_heroes, layout_basic,
          chequers_ecumenical_altar_simple_redux, minivault_27,
          chequers_big_river

Action                   || total
-------------------------++-------
Melee: Quarterstaff      ||     9
Armor: Leather armour    ||     2
Dodge: Dodged            ||     9
